 Dungeon Crawl Stone Soup version 0.30-a0-920-g7493c07aab (webtiles) character file.

Game seed: 11715788626727887497

7 elagabalus the Trooper (level 2, 27/27 HPs)
             Began as a Hill Orc Berserker on Mar 22, 2023.
             Was a Follower of Trog.
             Quit the game on level 1 of the Dungeon.
             The game lasted 00:02:25 (273 turns).

elagabalus the Trooper (Hill Orc Berserker)          Turns: 273, Time: 00:02:26

Health: 27/27      AC:  2    Str: 19    XL:     2   Next: 4%
Magic:  2/2        EV: 11    Int:  7    God:    Trog [*.....]
Gold:   11         SH:  0    Dex: 10    Spells: 1/1 levels left

rFire   . . .      SeeInvis .    a - +0 hand axe
rCold   . . .      Faith    .    (no shield)
rNeg    . . .      Spirit   .    b - +0 animal skin
rPois   .          Reflect  .    (no helmet)
rElec   .          Rampage  .    (no cloak)
rCorr   .                        (no gloves)
Will    .....                    (no boots)
Stlth   +                        (no amulet)
HPRegen 0.24/turn                (no ring)
MPRegen 0.08/turn                (no ring)

@: no status effects
A: no striking features
a: Renounce Religion, Berserk


You were on level 1 of the Dungeon.
You worshipped Trog.
Trog was aware of your devotion.
You visited 1 branch of the dungeon, and saw 1 of its levels.

You collected 11 gold pieces.

Inventory:

Hand Weapons
 a - a +0 hand axe (weapon)
Armour
 b - a +0 animal skin (worn)
Scrolls
 c - a scroll of enchant weapon {unknown}
 e - 3 scrolls of brand weapon {unknown}
 f - a scroll of vulnerability {unknown}
Potions
 d - 2 potions of curing {unknown}


   Skills:
 * Level 4.3 Fighting
 - Level 4.0 Axes
 - Level 2.1 Armour
 - Level 1.5 Dodging


You had one spell level left.
You didn't know any spells.
Your spell library was empty.

Dungeon Overview and Level Annotations

Branches:
Dungeon (1/15)

Altars:


Message History

Trog accepts your kill.
Things that are here:
a +0 dagger; 5 stones
Found 11 gold pieces.
You now have 11 gold pieces.
A bat comes into view.
Found 3 scrolls labelled RADWUY XUCE.
The bat misses you.
You hit the bat.
The bat is moderately wounded.
The bat completely misses you. The bat hits you but does no damage.
You hit the bat but do no damage.
The bat is moderately wounded.
The bat closely misses you. The bat hits you but does no damage.
The bat closely misses you.
You miss the bat. The bat hits you but does no damage.
Found a scroll labelled ZETWA RAEC.
The bat hits you but does no damage. The bat hits you but does no damage.
You hit the bat.
You kill the bat!
Trog accepts your kill.
e - 3 scrolls labelled RADWUY XUCE
f - a scroll labelled ZETWA RAEC
Found a stone staircase leading down.
A hobgoblin comes into view.
Found a pink potion.
The hobgoblin shouts!
The hobgoblin closely misses you.
You closely miss the hobgoblin.
The hobgoblin hits you but does no damage.
You hit the hobgoblin.
You kill the hobgoblin!
Trog accepts your kill.
You have reached level 2!
d - 2 pink potions (gained 1)
Found 11 gold pieces.
Welcome back, elagabalus the Hill Orc Berserker.
Trog says: Kill them all!
Press ? for a list of commands and other information.
Are you sure you want to abandon this character and quit the game? (Confirm with "yes".)

... ........#
#..... #.....#
.....
#.....#####
#...#
#.......#
#$..#
#.#####.#
#...#
#.#####.##
#...#
#.##......
#...####
#.##.##.##
#.@...#
#.##.##.#
#####.#
#.......#
#.#######.####
#.........#
###########


There were no monsters in sight!

Vanquished Creatures
  3 bats (D:1)
  An endoplasm (D:1)
  A hobgoblin (D:1)
  A kobold (D:1)
  A ball python (D:1)
7 creatures vanquished.

Notes
Turn   | Place    | Note
-------+----------+-------------------------------------------
     0 | D:1      | elagabalus the Hill Orc Berserker began the quest for the
                  | Orb.
     0 | D:1      | Reached XP level 1. HP: 19/19 MP: 1/1
   268 | D:1      | Reached XP level 2. HP: 27/27 MP: 2/2
   273 | D:1      | Quit the game

Illustrated notes

Levels and vault maps discovered:
D:1:      heliophobic_arrival_enchanted_forest, layout_loops_cross,
          reono_crystal_passage

Skill      XL: |  1 |
---------------+----+-----
Fighting       | 4 |  4.3
Axes           | |  4.0
Armour         | |  2.1
Dodging        | |  1.5

Action                     || total
---------------------------++-------
  Melee: Hand axe          ||    18
 Armour: Animal skin       ||    10
  Dodge: Dodged            ||    10

Table legend: (Time is in decaauts)
 A = Elapsed time spent in this place.
 B = Non-inter-level travel time spent in this place.
 C = Inter-level travel time spent in this place.
 D = Time resting spent in this place.
 E = Time spent auto-exploring this place.
 F = Levels seen in this place.
 G = Mean time per level.
                   A        B        C        D        E       F      G
               +--------+--------+--------+--------+--------+-----+--------+
         Total |    274 |     97 |    177 |      0 |      0 |   1 |  274.0 |
       Dungeon |    274 |     97 |    177 |      0 |      0 |   1 |  274.0 |
               +--------+--------+--------+--------+--------+-----+--------+

Top non-repeatable levels by time:
     D:1: 274 daAuts
